Map: Canyon of Tribulation

Players

MattBarry

  • Race: Zerg Zerg
  • League: Gold
  • Spawn Location: 6:00

MattBarry

  • Race: Terran Terran
  • League: Gold
  • Spawn Location: 6:00

Alebay

  • Race: Protoss Protoss
  • Spawn Location: 7:00

WillyWacker - Winner!

  • Race: Protoss Protoss
  • Spawn Location: 12:00

smokweed - Winner!

  • Race: Protoss Protoss
  • Spawn Location: 3:00

Drewb - Winner!

  • Race: Zerg Zerg
  • Spawn Location: 12:00

VOD

Have the link to the VOD?

Description

Time

  • Played on: Jan. 22, 2023, 12:17 a.m.
  • Length: 12:43
Show
View Real Time Build Order
Export as new Build Order

MattBarry Zerg 

Build Orders: Hatch First 

Get SALT Encoding   

  12  0:01  Drone  
  13  0:13  Overlord  
  13  0:18  Drone  
  14  0:23  Extractor  
  14  0:25  Drone  
  15  0:33  Drone  
  16  0:57  Hatchery  
  15  1:07  Spawning Pool  
  15  1:10  Drone  
  15  1:13  Extractor  
  15  1:16  Drone  
  15  1:19  Drone  
  15  1:25  Drone  
  17  1:32  Drone  
  18  1:43  Drone  
  19  2:03  Extractor  
  19  2:04  Zergling x4, Queen  
  22  2:10  Queen  
  22  2:15  Drone  
  25  2:18  Metabolic Boost  
  25  2:49  Drone x3  
  25  2:50  Overlord x2  
  28  3:08  Extractor  
  27  3:16  Drone x3  
  30  3:22  Drone x6  
  30  3:23  Drone x2  
  38  3:38  Drone  
  38  3:40  Drone x2  
  41  3:59  Roach Warren  
  40  4:10  Lair  
  40  4:12  Hatchery  
  39  4:19  Drone x2  
  39  4:20  Zergling x6  
  44  4:29  Overlord  
  44  4:31  Extractor  
  44  4:36  Evolution Chamber  
  44  4:37  Drone x2  
  44  4:39  Evolution Chamber  
  43  4:47  Overlord  
  43  5:05  Zerg Melee Weapons Level 1  
  43  5:09  Zerg Missile Weapons Level 1  
  43  5:12  Glial Reconstitution  
  43  5:13  Drone x2  
  43  5:14  Drone x2  
  47  5:24  Queen  
  49  5:33  Extractor  
  49  5:34  Zergling x8  
  49  5:35  Zergling x12  
  58  5:48  Drone  
  59  5:51  Hatchery, Drone  
  59  6:01  Drone x7  
  59  6:03  Overlord  
  66  6:31  Infestation Pit  
  65  6:46  Queen x3  
  67  6:51  Spore Crawler  
  67  6:53  Spore Crawler  
  67  6:54  Spore Crawler x2  
  66  6:55  Spore Crawler  
  66  6:58  Spore Crawler  
  66  7:00  Spore Crawler  
  47  7:17  Roach x12  
  71  7:35  Spore Crawler  
  70  7:46  Spore Crawler  
  70  7:50  Spore Crawler  
  67  8:08  Spore Crawler  
  66  8:17  Queen x2  
  66  8:30  Infestor x2  
  70  8:34  Overlord x2  
  68  8:52  Queen x2  
  72  9:07  Extractor  
  71  9:13  Drone  
  71  9:15  Drone x3  
  75  9:17  Overlord x2  
  75  9:26  Overlord  
  75  9:27  Overlord  
  75  9:46  Overlord x2  
  75  9:54  Pathogen Glands  
  75  10:05  Hydralisk Den  
  74  10:09  Drone, Hydralisk Den  
  74  10:10  Drone  
  75  10:47  Hatchery  
  74  10:57  Muscular Augments  
  66  11:06  Drone x10, Grooved Spines  
  66  11:07  Drone x4  
  80  11:26  Hydralisk x2  
  80  11:28  Drone  
  85  11:47  Spire  
  85  11:51  Hydralisk x2  
  88  12:09  Drone x3  
  88  12:10  Drone x3  
Show
View Real Time Build Order
Export as new Build Order

MattBarry Terran 

Build Orders: 2 Factory, Mech 

Get SALT Encoding   

  12  0:00  SCV  
  13  0:12  SCV  
  14  0:18  Supply Depot  
  14  0:24  SCV  
  15  0:35  Refinery  
  15  0:40  SCV  
  16  0:46  Barracks  
  16  0:52  SCV  
  18  1:04  SCV  
  18  1:16  SCV  
  19  1:28  SCV  
  20  1:35  Reaper  
  21  1:40  Command Center  
  21  1:48  Orbital Command  
  21  2:11  Factory  
  21  2:14  SCV  
  22  2:16  Barracks Reactor  
  22  2:33  SCV  
  23  2:52  SCV  
  23  2:53  Supply Depot  
  24  3:04  SCV  
  25  3:07  Orbital Command  
  25  3:13  Factory Tech Lab  
  25  3:19  Factory  
  25  3:23  Hellion x2  
  25  3:24  Barracks Tech Lab  
  25  3:25  SCV  
  30  3:30  Refinery  
  30  3:32  Refinery  
  30  3:36  SCV  
  30  3:37  SCV  
  31  3:48  SCV  
  31  3:49  SCV  
  31  3:51  Hellion x2  
  37  4:00  SCV  
  37  4:01  SCV  
  39  4:07  Supply Depot  
  39  4:10  Supply Depot  
  39  4:12  SCV  
  39  4:13  SCV  
  39  4:15  Hellion x2  
  45  4:21  Factory  
  45  4:24  SCV  
  45  4:29  SCV, Siege Tank  
  50  4:35  Supply Depot  
  50  4:37  SCV  
  51  4:41  SCV  
  51  4:42  Widow Mine x2  
  56  4:49  SCV  
  57  4:53  SCV  
  57  4:58  Engineering Bay  
  58  5:03  Widow Mine, Siege Tank  
  58  5:04  Widow Mine, SCV  
  58  5:05  SCV  
  67  5:12  Supply Depot  
  67  5:13  Supply Depot  
  67  5:16  SCV  
  67  5:17  SCV  
  67  5:18  Refinery  
  67  5:20  Factory Tech Lab  
  69  5:23  Armory, Infernal Pre-Igniter  
  69  5:28  SCV  
  69  5:33  SCV, Hellion x2  
  69  5:34  Supply Depot  
  69  5:35  Supply Depot  
  75  5:39  Siege Tank  
  78  5:44  Siege Tank  
  81  6:33  SCV x2  
  81  6:38  Terran Vehicle Weapons Level 1, Hellion x2  
  93  6:40  Armory  
  93  6:50  Command Center  
  87  6:55  Thor x2  
  99  7:04  Starport  
  99  7:06  SCV x2  
  101  7:26  SCV  
  102  7:34  Supply Depot  
  102  7:36  Terran Vehicle And Ship Armor Level 1  
  102  7:37  Supply Depot x2  
  102  7:40  Supply Depot  
  102  7:47  SCV  
  102  7:50  SCV  
  99  7:53  Thor  
  99  7:55  Thor  
  101  8:02  SCV  
  100  8:15  Supply Depot x2  
  100  8:16  Starport Reactor  
  100  8:18  Factory  
  100  8:36  Thor  
  100  8:38  Thor  
  112  8:48  Terran Vehicle Weapons Level 2  
  112  9:07  Orbital Command  
  112  9:10  SCV x2  
  114  9:22  SCV x2  
  116  9:27  Command Center  
  110  9:34  SCV x2  
  97  9:46  SCV  
  90  10:16  SCV x2  
  92  10:28  SCV x2  
  94  10:40  SCV  
  95  10:47  Thor x2  
  107  11:12  Command Center  
  107  11:15  Command Center  
  107  11:25  SCV x2  
  109  11:30  Thor x2  
  121  11:37  SCV x2  
  123  11:49  SCV  
  124  12:02  SCV x2  
  126  12:14  SCV x2  
  140  12:26  SCV x2  
Show
View Real Time Build Order
Export as new Build Order

Alebay Protoss 

Build Orders:  

Get SALT Encoding   

  12  0:00  Probe  
  13  0:12  Probe  
  14  0:19  Pylon  
  14  0:25  Probe  
  15  0:37  Probe  
  15  0:40  Gateway  
  16  0:46  Assimilator  
  16  0:49  Probe  
  17  1:01  Probe  
  18  1:14  Probe  
  18  1:15  Pylon  
  19  1:26  Probe  
  19  1:30  Cybernetics Core  
  20  1:38  Probe  
  21  1:41  Assimilator  
  21  1:53  Nexus  
  21  1:56  Probe  
  22  2:14  Robotics Facility  
  22  2:17  Shield Battery  
  22  2:26  Pylon  
  22  2:28  Stalker  
  24  2:32  Probe  
  25  2:43  Warp Gate (Chrono Boost)  
  25  2:46  Probe  
  26  2:58  Pylon  
  26  3:03  Adept  
  28  3:10  Immortal  
  32  3:14  Probe  
  32  3:16  Probe  
  34  3:25  Pylon  
  34  3:27  Probe  
  37  3:36  Sentry  
  37  3:42  Forge, Probe  
  37  3:44  Probe  
  39  3:59  Probe  
  39  4:00  Probe  
  41  4:06  Immortal  
  45  4:12  Pylon  
  45  4:16  Probe x2  
  47  4:22  Photon Cannon  
  47  4:27  Stalker  
  49  4:36  Probe x2  
  51  4:40  Gateway  
  51  4:46  Gateway  
  46  4:55  Probe x2  
  48  5:00  Photon Cannon  
  48  5:02  Stalker  
  48  5:06  Protoss Ground Weapons Level 1 (Chrono Boost)  
  50  5:13  Probe  
  50  5:14  Probe  
  52  5:20  Photon Cannon  
  52  5:25  Probe  
  52  5:26  Probe  
  52  5:28  Stalker  
  56  5:38  Immortal  
  61  5:42  Probe  
  61  5:43  Probe  
  61  5:47  Assimilator  
  62  5:51  Stalker  
  62  5:56  Stalker  
  66  6:01  Pylon  
  66  6:04  Stalker  
  66  6:10  Twilight Council  
  68  6:15  Stalker  
  70  6:26  Stalker  
  72  6:41  Stalker  
  72  6:42  Stalker  
  72  6:45  Probe x2  
  78  6:49  Assimilator  
  78  6:53  Shield Battery  
  78  7:09  Protoss Ground Armor Level 1 (Chrono Boost)  
  78  7:14  Pylon  
  78  7:16  Pylon  
  78  7:19  Pylon  
  78  7:24  Probe x2  
  78  7:38  Shield Battery  
  78  7:44  Blink (Chrono Boost)  
  78  8:08  Stalker x2  
  78  8:09  Stalker  
  84  8:32  Nexus  
  84  8:33  Pylon  
  84  8:35  Pylon  
  84  8:39  Pylon  
  85  8:41  Observer  
  85  8:43  Stalker x3  
  91  8:51  Gateway  
  91  8:53  Gateway x2  
  91  9:00  Gateway  
  89  9:05  Pylon  
  89  9:09  Stalker x2  
  93  9:10  Stalker  
  95  9:39  Stalker x2  
  95  9:40  Stalker  
  61  10:17  Stalker x6  
  61  10:21  Immortal  
  46  10:41  Stalker x3  
  46  10:42  Stalker  
  54  10:43  Stalker x2  
  58  10:53  Probe x2  
  58  10:55  Probe  
  61  11:00  Immortal  
  65  11:05  Probe x2  
  65  11:07  Probe  
  68  11:13  Stalker x5  
  68  11:14  Stalker  
  68  11:17  Probe  
  81  11:37  Stalker  
  81  11:38  Stalker x4  
  65  11:57  Probe  
  65  11:58  Probe x2  
  68  12:02  Assimilator  
  68  12:06  Stalker x4, Assimilator  
  76  12:09  Pylon  
  76  12:10  Probe  
Show
View Real Time Build Order
Export as new Build Order

WillyWacker Protoss - Winner!

Build Orders: Oracle Opening 

Get SALT Encoding   

  12  0:00  Probe  
  13  0:12  Probe  
  14  0:18  Pylon  
  14  0:25  Probe  
  15  0:37  Probe (Chrono Boost)  
  15  0:38  Gateway  
  16  0:46  Assimilator  
  16  0:49  Probe (Chrono Boost)  
  17  0:57  Assimilator  
  17  0:58  Probe (Chrono Boost)  
  17  1:03  Probe  
  19  1:15  Probe (Chrono Boost)  
  20  1:25  Probe (Chrono Boost)  
  21  1:28  Cybernetics Core  
  21  1:30  Pylon, Probe (Chrono Boost)  
  22  1:41  Probe  
  23  2:05  Stargate  
  23  2:08  Shield Battery  
  23  2:12  Pylon  
  23  2:30  Nexus  
  23  2:35  Stalker (Chrono Boost)  
  25  2:57  Probe  
  25  3:12  Assimilator  
  25  3:14  Probe  
  25  3:16  Oracle (Chrono Boost)  
  29  3:26  Probe  
  30  3:32  Stargate  
  30  3:34  Protoss Air Weapons Level 1 (Chrono Boost)  
  30  3:37  Stargate  
  30  3:39  Pylon  
  30  3:42  Probe  
  30  3:44  Probe  
  32  3:51  Assimilator  
  32  3:54  Probe  
  33  3:58  Probe  
  38  4:18  Void Ray  
  38  4:20  Probe (Chrono Boost)  
  38  4:22  Probe (Chrono Boost)  
  41  4:32  Probe (Chrono Boost)  
  41  4:37  Probe (Chrono Boost)  
  41  4:38  Probe (Chrono Boost)  
  42  4:44  Probe  
  49  5:10  Void Ray x2 (Chrono Boost)  
  49  5:11  Probe  
  49  5:13  Void Ray (Chrono Boost), Probe  
  55  5:25  Pylon  
  59  5:45  Protoss Air Armor Level 1 (Chrono Boost)  
  59  5:46  Void Ray  
  63  5:50  Probe  
  63  5:52  Probe  
  63  5:54  Void Ray  
  69  6:08  Pylon  
  69  6:09  Void Ray  
  69  6:27  Pylon  
  73  6:34  Probe x2  
  73  6:38  Void Ray (Chrono Boost)  
  75  6:46  Probe  
  76  6:57  Void Ray (Chrono Boost)  
  84  7:04  Pylon  
  84  7:05  Void Ray (Chrono Boost)  
  84  7:07  Pylon  
  84  7:22  Pylon  
  88  7:27  Probe  
  88  7:28  Void Ray  
  93  7:33  Void Ray  
  93  7:43  Void Ray  
  105  8:16  Void Ray x2  
  105  8:17  Fleet Beacon  
  105  8:20  Pylon  
  105  8:23  Pylon  
  105  8:37  Nexus  
  105  8:39  Assimilator  
  105  8:44  Assimilator  
  109  8:49  Pylon  
  109  8:50  Void Ray  
  109  8:51  Pylon  
  109  8:53  Stargate  
  109  8:56  Stargate  
  109  9:12  Flux Vanes  
  109  9:15  Void Ray  
  109  9:28  Protoss Air Weapons Level 2 (Chrono Boost)  
  121  10:22  Void Ray x3  
  121  10:24  Void Ray  
  121  10:26  Void Ray  
  129  10:44  Probe  
  129  10:45  Probe x2  
  132  10:58  Void Ray x3  
  144  11:07  Void Ray  
  148  11:12  Nexus  
  148  11:15  Assimilator  
  148  11:17  Probe x2  
  148  11:18  Probe  
  155  11:27  Void Ray  
  155  12:03  Pylon  
  155  12:06  Pylon  
  155  12:08  Pylon  
  155  12:12  Pylon  
Show
View Real Time Build Order
Export as new Build Order

smokweed Protoss - Winner!

Build Orders: Nexus First 

Get SALT Encoding   

  12  0:01  Probe (Chrono Boost)  
  13  0:11  Probe (Chrono Boost)  
  14  0:18  Pylon  
  14  0:23  Probe  
  15  0:36  Probe  
  16  0:48  Probe  
  17  1:00  Probe  
  18  1:04  Nexus  
  18  1:19  Gateway  
  18  1:28  Assimilator  
  18  1:33  Assimilator  
  18  1:37  Probe  
  19  1:49  Probe  
  20  2:01  Probe  
  21  2:05  Pylon  
  21  2:14  Probe (Chrono Boost)  
  22  2:17  Probe (Chrono Boost)  
  23  2:25  Probe (Chrono Boost)  
  23  2:27  Probe (Chrono Boost)  
  25  2:30  Probe (Chrono Boost)  
  25  2:32  Probe (Chrono Boost)  
  25  2:35  Cybernetics Core  
  27  2:40  Forge  
  27  2:43  Probe  
  28  2:58  Probe (Chrono Boost)  
  28  3:01  Probe (Chrono Boost)  
  29  3:09  Pylon  
  29  3:11  Probe (Chrono Boost)  
  29  3:12  Probe (Chrono Boost)  
  31  3:13  Stalker  
  31  3:18  Photon Cannon  
  31  3:19  Probe (Chrono Boost)  
  34  3:22  Probe (Chrono Boost)  
  35  3:29  Assimilator  
  35  3:31  Probe (Chrono Boost)  
  35  3:32  Assimilator  
  36  3:36  Probe (Chrono Boost)  
  37  3:44  Stargate  
  37  3:46  Probe  
  37  3:47  Stargate  
  38  3:58  Probe  
  38  4:01  Probe  
  40  4:10  Probe (Chrono Boost)  
  40  4:15  Pylon  
  42  4:18  Probe (Chrono Boost)  
  42  4:19  Pylon  
  42  4:22  Probe (Chrono Boost)  
  43  4:27  Probe (Chrono Boost)  
  43  4:29  Protoss Air Weapons Level 1 (Chrono Boost)  
  43  4:30  Protoss Shields Level 1  
  49  4:32  Void Ray (Chrono Boost)  
  49  4:34  Probe  
  53  4:42  Stargate  
  53  4:45  Probe  
  53  4:46  Void Ray (Chrono Boost), Probe  
  59  5:08  Void Ray  
  59  5:09  Probe  
  64  5:21  Probe  
  64  5:22  Pylon, Void Ray  
  64  5:23  Pylon  
  65  5:30  Probe  
  70  5:38  Void Ray (Chrono Boost)  
  70  5:40  Probe  
  70  5:42  Probe  
  76  5:51  Void Ray (Chrono Boost)  
  76  6:01  Nexus  
  80  6:04  Pylon  
  80  6:08  Pylon  
  80  6:13  Void Ray (Chrono Boost)  
  84  6:27  Void Ray (Chrono Boost)  
  84  6:37  Photon Cannon  
  92  6:51  Void Ray x2  
  96  7:19  Void Ray  
  96  7:34  Void Ray  
  96  7:47  Void Ray  
  98  8:02  Void Ray  
  102  8:17  Void Ray  
  102  8:37  Void Ray  
  106  8:45  Void Ray  
  106  8:57  Robotics Facility  
  106  8:58  Assimilator  
  106  9:04  Assimilator  
  106  10:12  Gateway  
  106  10:13  Gateway  
  106  10:14  Gateway  
  106  10:28  Gateway  
  106  10:30  Gateway  
  106  10:32  Gateway, Void Ray  
  106  10:33  Void Ray  
  106  10:34  Void Ray  
  98  10:36  Gateway  
  98  10:38  Gateway  
  98  10:41  Gateway  
  86  11:04  Pylon  
  86  11:05  Immortal  
  86  11:07  Pylon  
  98  11:11  Twilight Council, Pylon  
  98  11:14  Probe  
  98  11:15  Void Ray  
  98  11:16  Void Ray  
  98  11:17  Void Ray  
  103  11:26  Probe  
  104  11:38  Probe  
  105  11:44  Immortal  
  109  11:50  Probe  
  118  11:58  Void Ray  
  118  11:59  Void Ray  
  118  12:00  Void Ray  
  122  12:02  Probe  
  123  12:12  Nexus  
Show
View Real Time Build Order
Export as new Build Order

Drewb Zerg - Winner!

Build Orders: Hatch First 

Get SALT Encoding   

  12  0:00  Drone  
  13  0:22  Drone  
  14  0:34  Overlord  
  14  0:44  Hatchery  
  13  0:53  Drone x2  
  13  0:56  Drone  
  16  1:16  Spawning Pool  
  15  1:22  Extractor, Drone x2  
  16  1:44  Drone x2  
  18  2:03  Zergling x6  
  18  2:04  Queen x2  
  25  2:15  Drone  
  26  2:17  Overlord  
  26  2:25  Metabolic Boost  
  26  2:43  Queen  
  28  2:44  Queen  
  30  3:13  Zergling x4  
  30  3:15  Drone  
  30  3:16  Drone x3  
  30  3:18  Overlord  
  36  3:22  Extractor  
  35  3:30  Drone  
  36  3:40  Lair  
  35  3:51  Drone  
  35  3:52  Drone x6  
  42  4:21  Overlord  
  42  4:22  Overlord x2  
  42  4:31  Hatchery  
  42  4:33  Drone x2  
  42  4:35  Extractor  
  42  4:38  Extractor  
  42  5:05  Roach Warren  
  41  5:07  Evolution Chamber  
  41  5:09  Drone x3  
  41  5:10  Hatchery, Drone  
  41  5:11  Infestation Pit  
  43  5:27  Hatchery  
  42  5:44  Hatchery  
  42  5:48  Drone x3  
  42  5:49  Drone x3  
  47  5:50  Drone x3  
  47  5:53  Drone x2  
  47  5:54  Drone  
  53  5:59  Burrow  
  53  6:05  Drone  
  53  6:06  Drone x4  
  58  6:23  Glial Reconstitution  
  58  6:30  Overlord x4  
  58  6:34  Zergling x2  
  58  6:35  Zergling x4  
  61  6:42  Zergling x10  
  66  6:54  Drone  
  66  6:55  Drone x5  
  72  7:17  Swarm Host  
  96  7:23  Pneumatized Carapace  
  96  7:26  Drone x4  
  96  7:27  Drone x4  
  104  7:30  Extractor x2  
  102  7:44  Zerg Ground Armor Level 1, Spire  
  107  8:16  Overlord x5  
  107  8:18  Roach x2  
  111  8:29  Overlord x2  
  111  8:37  Drone x4  
  111  8:38  Drone x3  
  111  8:39  Drone  
  119  8:41  Overlord  
  119  8:52  Baneling Nest  
  118  8:56  Drone x2, Extractor  
  118  8:57  Extractor, Drone x2  
  118  8:59  Overlord x2  
  118  9:01  Roach  
  118  9:02  Roach x5  
  132  9:25  Roach  
  132  9:26  Roach x10  
  149  10:27  Hive  
  149  10:38  Overlord x3  
  149  10:39  Overlord x3  
  149  10:43  Overseer  
  149  10:47  Overseer x2  
  145  11:41  Zergling x2  
  145  11:42  Zergling x40  
  166  11:51  Hatchery  
  165  11:54  Hatchery  
  164  12:02  Roach x2  
Tags
 
Add a new tag
Caveats
  • Supply blocks, unpowered buildings, or Contaminate may cause inaccurate times.
  • Supply counts are checked every 10 seconds.